| TOP OF THE 1ST |
|
Mahoning Valley Scrappers batting - Pitching for Idaho Falls Chukars : RHP Francisco Reyes
|
|
Pitching: RHP Francisco Reyes
|
|
|
Batting: RHB Ricky Cordova
|
0-0: Ball 1-0: Called Strike 1-1: Ball 2-1: Foul Ball, location: 2F 2-2: Ball 3-2: Foul Ball, location: 2F 3-2: Ground out 5-3 (Groundball, 5, EV 84.4 MPH)
|
|
Batting: RHB Jose Argueta
|
0-0: Foul Ball, location: 2F 0-1: Ground out 4-3 (Groundball, 4, EV 93.8 MPH)
|
|
Batting: LHB Dave Key
|
0-0: Ball 1-0: Ground out 6-3 (Groundball, 6, EV 91.2 MPH)
|
| Top of the 1st over - 0 runs, 0 hits, 0 errors, 0 left on base; Mahoning Valley 0 - Idaho Falls 0 |
| BOTTOM OF THE 1ST |
|
Idaho Falls Chukars batting - Pitching for Mahoning Valley Scrappers : LHP Tony Flores
|
|
Pitching: LHP Tony Flores
|
|
|
Batting: RHB Ruben Luis
|
0-0: Ball 1-0: DOUBLE (Groundball, 5L, EV 104.4 MPH)
|
|
Batting: RHB Mike Bearden
|
0-0: Ball Wild Pitch! Ruben Luis to third 1-0: Ball 2-0: Swinging Strike 2-1: Fly out, F9 (Flyball, 89S, EV 86.9 MPH)
|
|
Batting: RHB Carlos Almada
|
0-0: Ball 1-0: Called Strike 1-1: Called Strike 1-2: Strikes out swinging
|
|
Batting: RHB Jonas Fernandez
|
0-0: Ball 1-0: Ball 2-0: Fly out, F9 (Flyball, 9LM, EV 87.5 MPH)
|
| Bottom of the 1st over - 0 runs, 1 hit, 0 errors, 1 left on base; Mahoning Valley 0 - Idaho Falls 0 |
| TOP OF THE 2ND |
|
Mahoning Valley Scrappers batting - Pitching for Idaho Falls Chukars : RHP Francisco Reyes
|
|
Batting: RHB Leo Candelas
|
0-0: Ground out 3-1 (Groundball, 34S, EV 88.8 MPH)
|
|
Batting: RHB Leo Villa
|
0-0: Ball 1-0: Ball 2-0: Foul Ball, location: 2F 2-1: Foul Ball, location: 2F 2-2: Foul Ball, location: 2F 2-2: Strikes out swinging
|
|
Batting: RHB Jonathan Livingston
|
0-0: Ball 1-0: Ground out 4-3 (Groundball, 4, EV 80.6 MPH)
|
| Top of the 2nd over - 0 runs, 0 hits, 0 errors, 0 left on base; Mahoning Valley 0 - Idaho Falls 0 |
| BOTTOM OF THE 2ND |
|
Idaho Falls Chukars batting - Pitching for Mahoning Valley Scrappers : LHP Tony Flores
|
|
Batting: RHB Chance Argy
|
0-0: Called Strike 0-1: Ball 1-1: Ball 2-1: Foul Ball, location: 2F 2-2: Strikes out swinging
|
|
Batting: RHB Ian Hornsby
|
0-0: Called Strike 0-1: Ball 1-1: Ball 2-1: Swinging Strike 2-2: Ball 3-2: Foul Ball, location: 2F 3-2: SINGLE (Groundball, 56S, EV 70.0 MPH) (infield hit)
|
|
Batting: RHB Jimmy Mayville
|
0-0: Ball 1-0: Called Strike 1-1: Called Strike 1-2: Strikes out swinging
|
|
Batting: RHB Bobby Matyas
|
0-0: Ball 1-0: Ball 2-0: Ball 3-0: Base on Balls Ian Hornsby to second
|
|
Batting: LHB David Bearden
|
0-0: Called Strike 0-1: Foul Ball, location: 2F 0-2: Ball 1-2: Strikes out swinging
|
| Bottom of the 2nd over - 0 runs, 1 hit, 0 errors, 2 left on base; Mahoning Valley 0 - Idaho Falls 0 |
| TOP OF THE 3RD |
|
Mahoning Valley Scrappers batting - Pitching for Idaho Falls Chukars : RHP Francisco Reyes
|
|
Batting: RHB Eric Kuck
|
0-0: Called Strike 0-1: Swinging Strike 0-2: Foul Ball, location: 2F 0-2: Ball 1-2: Strikes out swinging
|
|
Batting: RHB Aaron Stout
|
0-0: Called Strike 0-1: Called Strike 0-2: Ball 1-2: Ball 2-2: Strikes out swinging
|
|
Batting: RHB Juan Ordonez
|
0-0: Ball 1-0: Ball 2-0: Foul Ball, location: 2F 2-1: DOUBLE (Line Drive, 78D, EV 104.4 MPH)
|
|
Batting: RHB Ricky Cordova
|
0-0: Ball 1-0: Called Strike 1-1: Swinging Strike 1-2: Ball 2-2: Strikes out swinging
|
| Top of the 3rd over - 0 runs, 1 hit, 0 errors, 1 left on base; Mahoning Valley 0 - Idaho Falls 0 |
| BOTTOM OF THE 3RD |
|
Idaho Falls Chukars batting - Pitching for Mahoning Valley Scrappers : LHP Tony Flores
|
|
Batting: RHB Ruben Luis
|
0-0: Ball 1-0: SINGLE (Groundball, 6MD, EV 106.9 MPH)
|
|
Batting: RHB Mike Bearden
|
0-0: Ball 1-0: Swinging Strike 1-1: Foul Ball, location: 2F 1-2: Strikes out swinging
|
|
Batting: RHB Carlos Almada
|
0-0: Called Strike 0-1: Foul Ball, location: 2F 0-2: Hit by Pitch Ruben Luis to second
|
|
Batting: RHB Jonas Fernandez
|
0-0: Ball 1-0: Fielders Choice at 2nd, U6 (Groundball, 4MS, EV 83.1 MPH) Ruben Luis to third
|
|
Batting: RHB Chance Argy
|
0-0: SINGLE (Groundball, 3D, EV 95.6 MPH) Ruben Luis scores Jonas Fernandez to second Runner from 2nd tries for 3rd, OUT! 9-5
|
| Bottom of the 3rd over - 1 run, 2 hits, 0 errors, 1 left on base; Mahoning Valley 0 - Idaho Falls 1 |
| TOP OF THE 4TH |
|
Mahoning Valley Scrappers batting - Pitching for Idaho Falls Chukars : RHP Francisco Reyes
|
|
Batting: RHB Jose Argueta
|
0-0: Called Strike 0-1: Ball 1-1: Foul Ball, location: 2F 1-2: Ball 2-2: DOUBLE (Groundball, 5L, EV 106.2 MPH)
|
|
Batting: LHB Dave Key
|
0-0: Ball 1-0: Ground out U3 (Groundball, 3L, EV 101.2 MPH) Jose Argueta to third
|
|
Batting: RHB Leo Candelas
|
0-0: Foul Ball, location: 2F 0-1: Ball 1-1: Called Strike 1-2: Ground out 4-3 (Groundball, 4, EV 88.1 MPH) Jose Argueta scores
|
|
Batting: RHB Leo Villa
|
0-0: Ball 1-0: Ball 2-0: Ball 3-0: Base on Balls
|
|
Batting: RHB Jonathan Livingston
|
0-0: Called Strike 0-1: Foul Ball, location: 2F 0-2: Ball 1-2: Ball 2-2: 2-RUN HOME RUN (Line Drive, 7D, EV 103.1 MPH), Distance : 414 ft
|
|
Batting: RHB Eric Kuck
|
0-0: Called Strike 0-1: Foul Ball, location: 2F 0-2: Ball 1-2: Strikes out swinging
|
| Top of the 4th over - 3 runs, 2 hits, 0 errors, 0 left on base; Mahoning Valley 3 - Idaho Falls 1 |
| BOTTOM OF THE 4TH |
|
Idaho Falls Chukars batting - Pitching for Mahoning Valley Scrappers : LHP Tony Flores
|
|
Batting: RHB Ian Hornsby
|
0-0: Foul Ball, location: 2F 0-1: Called Strike 0-2: Strikes out looking
|
|
Batting: RHB Jimmy Mayville
|
0-0: Ball 1-0: Ground out 1-3 (Groundball, 34S, EV 63.8 MPH)
|
|
Batting: RHB Bobby Matyas
|
0-0: Ball 1-0: Called Strike 1-1: Ball 2-1: Foul Ball, location: 2F 2-2: Foul Ball, location: 2F 2-2: Strikes out swinging
|
| Bottom of the 4th over - 0 runs, 0 hits, 0 errors, 0 left on base; Mahoning Valley 3 - Idaho Falls 1 |
| TOP OF THE 5TH |
|
Mahoning Valley Scrappers batting - Pitching for Idaho Falls Chukars : RHP Francisco Reyes
|
|
Batting: RHB Aaron Stout
|
0-0: Ball 1-0: Ball 2-0: DOUBLE (Line Drive, 7LM, EV 113.8 MPH)
|
|
Batting: RHB Juan Ordonez
|
0-0: Called Strike 0-1: Ball 1-1: Foul Ball, location: 2F 1-2: Ball 2-2: Strikes out swinging
|
|
Batting: RHB Ricky Cordova
|
0-0: Ball 1-0: Called Strike 1-1: Ball 2-1: SINGLE (Line Drive, 3D, EV 109.4 MPH) Aaron Stout to third
|
|
Batting: RHB Jose Argueta
|
0-0: Ball 1-0: Called Strike 1-1: Foul Ball, location: 2F 1-2: Fly out, F9 (Flyball, 89D, EV 90.6 MPH) Runner from 3rd tags up, OUT at HOME! 9-2
|
| Top of the 5th over - 0 runs, 2 hits, 0 errors, 1 left on base; Mahoning Valley 3 - Idaho Falls 1 |
| BOTTOM OF THE 5TH |
|
Idaho Falls Chukars batting - Pitching for Mahoning Valley Scrappers : LHP Tony Flores
|
|
Batting: LHB David Bearden
|
0-0: Swinging Strike 0-1: Foul Ball, location: 2F 0-2: Ball 1-2: Ball 2-2: Strikes out swinging
|
|
Batting: RHB Ruben Luis
|
0-0: Called Strike 0-1: Reached on error, E4 (Groundball, 4, EV 90.0 MPH)
|
|
Batting: RHB Mike Bearden
|
0-0: SINGLE (Flyball, 6MD, EV 93.8 MPH) Ruben Luis to second Ruben Luis to third
|
|
Batting: RHB Carlos Almada
|
0-0: Called Strike 0-1: Ball 1-1: SINGLE (Flyball, 6MD, EV 87.5 MPH) Ruben Luis scores Mike Bearden to second
|
|
Batting: RHB Jonas Fernandez
|
0-0: Ball 1-0: Fly out, F3 (Line Drive, 3L, EV 71.2 MPH) Lined into DP, U3 (Line Drive, 3L, EV 75.6 MPH)
|
| Bottom of the 5th over - 1 run, 2 hits, 1 error, 1 left on base; Mahoning Valley 3 - Idaho Falls 2 |
| TOP OF THE 6TH |
|
Mahoning Valley Scrappers batting - Pitching for Idaho Falls Chukars : RHP Francisco Reyes
|
|
Batting: LHB Dave Key
|
0-0: Called Strike 0-1: DOUBLE (Line Drive, 78D, EV 103.8 MPH)
|
|
Batting: RHB Leo Candelas
|
0-0: Ball 1-0: Swinging Strike Passed Ball! Dave Key to third 1-1: Swinging Strike 1-2: Ball 2-2: Ball 3-2: Foul Ball, location: 2F 3-2: Base on Balls
|
|
Batting: RHB Leo Villa
|
0-0: Called Strike 0-1: Swinging Strike 0-2: Ball 1-2: Strikes out swinging
|
|
Batting: RHB Jonathan Livingston
|
0-0: Ball Leo Candelas steals 2nd base 1-0: SINGLE (Groundball, 4, EV 105.6 MPH) (infield hit) Dave Key scores Leo Candelas to third
|
|
Batting: RHB Eric Kuck
|
0-0: Called Strike 0-1: Swinging Strike 0-2: Foul Ball, location: 2F 0-2: Strikes out swinging
|
|
Pitching: LHP Dustin Waller
|
|
|
Batting: RHB Aaron Stout
|
0-0: Swinging Strike 0-1: Foul Ball, location: 2F 0-2: Ball 1-2: Strikes out looking
|
| Top of the 6th over - 1 run, 2 hits, 0 errors, 2 left on base; Mahoning Valley 4 - Idaho Falls 2 |
| BOTTOM OF THE 6TH |
|
Idaho Falls Chukars batting - Pitching for Mahoning Valley Scrappers : LHP Tony Flores
|
|
Batting: RHB Chance Argy
|
0-0: Ball 1-0: Foul Ball, location: 2F 1-1: Ball 2-1: Ball 3-1: Base on Balls
|
|
Batting: RHB Ian Hornsby
|
0-0: Fielders Choice at 2nd, 6-4 (Groundball, 6, EV 93.8 MPH)
|
|
Batting: RHB Jimmy Mayville
|
0-0: Ball 1-0: Fly out, F9 (Flyball, 9S, EV 82.5 MPH)
|
|
Batting: RHB Bobby Matyas
|
0-0: Called Strike 0-1: Ball 1-1: Swinging Strike 1-2: Ball 2-2: Foul Ball, location: 2F 2-2: Foul Ball, location: 2F 2-2: Foul Ball, location: 2F 2-2: Ball 3-2: Strikes out swinging, 2-3 out at first.
|
| Bottom of the 6th over - 0 runs, 0 hits, 0 errors, 1 left on base; Mahoning Valley 4 - Idaho Falls 2 |
| TOP OF THE 7TH |
|
Mahoning Valley Scrappers batting - Pitching for Idaho Falls Chukars : LHP Dustin Waller
|
|
Batting: RHB Juan Ordonez
|
0-0: Bunt for hit to 13S - play at first, batter OUT! 1-3
|
|
Batting: RHB Ricky Cordova
|
0-0: Called Strike 0-1: Foul Ball, location: 2F 0-2: Ball 1-2: Ball 2-2: Ball 3-2: Strikes out looking
|
|
Batting: RHB Jose Argueta
|
0-0: Ball 1-0: Swinging Strike 1-1: Foul Ball, location: 2F 1-2: Ball 2-2: Strikes out swinging
|
| Top of the 7th over - 0 runs, 0 hits, 0 errors, 0 left on base; Mahoning Valley 4 - Idaho Falls 2 |
| BOTTOM OF THE 7TH |
|
Idaho Falls Chukars batting - Pitching for Mahoning Valley Scrappers : LHP Tony Flores
|
|
Batting: LHB David Bearden
|
0-0: Ball 1-0: Ball 2-0: Ground out 6-3 (Groundball, 56, EV 110.0 MPH)
|
|
Batting: RHB Ruben Luis
|
0-0: Ground out 4-3 (Groundball, 4, EV 86.9 MPH)
|
|
Batting: RHB Mike Bearden
|
0-0: Called Strike 0-1: Called Strike 0-2: Ball 1-2: Foul Ball, location: 2F 1-2: Ground out 1-3 (Groundball, 13S, EV 57.5 MPH)
|
| Bottom of the 7th over - 0 runs, 0 hits, 0 errors, 0 left on base; Mahoning Valley 4 - Idaho Falls 2 |
| TOP OF THE 8TH |
|
Mahoning Valley Scrappers batting - Pitching for Idaho Falls Chukars : LHP Dustin Waller
|
|
Batting: LHB Dave Key
|
0-0: Called Strike 0-1: Ball 1-1: Called Strike 1-2: Strikes out looking
|
|
Batting: RHB Leo Candelas
|
0-0: Swinging Strike 0-1: Called Strike 0-2: Ball 1-2: Foul Ball, location: 2F 1-2: Ball 2-2: Ball 3-2: Strikes out swinging
|
|
Batting: RHB Leo Villa
|
0-0: Ball 1-0: Ball 2-0: DOUBLE (Flyball, 78D, EV 96.2 MPH)
|
|
Batting: RHB Jonathan Livingston
|
0-0: Called Strike 0-1: Called Strike 0-2: Foul Ball, location: 2F 0-2: Strikes out swinging
|
| Top of the 8th over - 0 runs, 1 hit, 0 errors, 1 left on base; Mahoning Valley 4 - Idaho Falls 2 |
| BOTTOM OF THE 8TH |
|
Idaho Falls Chukars batting - Pitching for Mahoning Valley Scrappers : LHP Tony Flores
|
|
Pitching: RHP Oscar Alvarado
|
|
|
Now at 1B: Kevin Wiles
|
|
|
Now in RF: Jaquan Brown
|
|
|
Batting: RHB Carlos Almada
|
0-0: Called Strike 0-1: Swinging Strike 0-2: Ball 1-2: Ground out 4-3 (Groundball, 4M, EV 104.4 MPH)
|
|
Batting: RHB Jonas Fernandez
|
0-0: SINGLE (Groundball, 6D, EV 104.4 MPH)
|
|
Batting: RHB Chance Argy
|
0-0: Ball 1-0: Foul Ball, location: 2F 1-1: Foul Ball, location: 2F 1-2: Fielders Choice at 2nd, 4-6 (Groundball, 34, EV 81.2 MPH)
|
|
Batting: RHB Ian Hornsby
|
0-0: Called Strike 0-1: Swinging Strike 0-2: Ball 1-2: Strikes out swinging
|
| Bottom of the 8th over - 0 runs, 1 hit, 0 errors, 1 left on base; Mahoning Valley 4 - Idaho Falls 2 |
| TOP OF THE 9TH |
|
Mahoning Valley Scrappers batting - Pitching for Idaho Falls Chukars : LHP Dustin Waller
|
|
Batting: RHB Eric Kuck
|
0-0: Ball 1-0: Called Strike 1-1: Foul Ball, location: 2F 1-2: Ball 2-2: Strikes out swinging
|
|
Batting: RHB Aaron Stout
|
0-0: Foul Ball, location: 2F 0-1: Ball 1-1: SINGLE (Groundball, 4M, EV 88.8 MPH) (infield hit)
|
|
Pitching: RHP Jim Haggart
|
|
|
Batting: RHB Juan Ordonez
|
0-0: Ball 1-0: Ball 2-0: Foul Ball, location: 2F 2-1: Ball 3-1: Called Strike 3-2: Strikes out swinging
|
|
Batting: RHB Ricky Cordova
|
0-0: Ball Aaron Stout steals 2nd base 1-0: Ground out 6-3 (Groundball, 6S, EV 68.8 MPH)
|
| Top of the 9th over - 0 runs, 1 hit, 0 errors, 1 left on base; Mahoning Valley 4 - Idaho Falls 2 |
| BOTTOM OF THE 9TH |
|
Idaho Falls Chukars batting - Pitching for Mahoning Valley Scrappers : RHP Oscar Alvarado
|
|
Batting: RHB Jimmy Mayville
|
0-0: Called Strike 0-1: Swinging Strike 0-2: Foul Ball, location: 2F 0-2: Ball 1-2: Ball 2-2: Strikes out looking
|
|
Batting: RHB Bobby Matyas
|
0-0: Ball 1-0: Foul Ball, location: 2F 1-1: Foul Ball, location: 2F 1-2: Strikes out swinging
|
|
Batting: LHB David Bearden
|
0-0: Ball 1-0: Ball 2-0: Reached on error, E4 (Groundball, 4, EV 85.0 MPH)
|
|
Batting: RHB Ruben Luis
|
0-0: Ball 1-0: Fly out, F5 (Line Drive, 5L, EV 69.4 MPH)
|
| Bottom of the 9th over - 0 runs, 0 hits, 1 error, 1 left on base; Mahoning Valley 4 - Idaho Falls 2 |
|